 Dungeon Crawl Stone Soup version 0.19-a0-734-ge18daf0 (webtiles) character file.

5961 mistymad the Archer (level 10, -3/94 HPs)
             Began as a Centaur Hunter on June 22, 2016.
             Was a Believer of Fedhas.
             Slain by a warg (13 damage)
             ... on level 9 of the Dungeon.
             The game lasted 00:28:51 (12512 turns).

mistymad the Archer (Centaur Hunter)               Turns: 12512, Time: 00:28:52

Health: -3/94      AC:  8    Str: 20    XL:     10   Next: 54%
Magic:  10/10      EV:  9    Int: 13    God:    Fedhas [**....]
Gold:   525        SH:  0    Dex: 13    Spells: 0 memorised, 9 levels left

rFire  + . .     SeeInvis .     b - +0 short sword
rCold  x . .     Gourm    .     l - +3 leather armour
rNeg   . . .     Faith    .     (no shield)
rPois  .         Spirit   .     r - +0 helmet
rElec  .         Dismiss  .     (no cloak)
rCorr  .         Reflect  .     (no gloves)
SustAt .         Harm     .     (no barding)
MR     .....                    (no amulet)
Stlth  +.........               M - ring of fire
                                g - +3 ring of intelligence

@: mighty, drained, very quick, not resistant to hostile enchantments, very
unstealthy
A: hooves 3, blink, deformed body, speed 2, tough skin 3, wild magic 1
a: Blink, Evolution, Sunlight, Renounce Religion


You were on level 9 of the Dungeon.
You worshipped Fedhas.
Fedhas was pleased with you.
You were not hungry.

You visited 2 branches of the dungeon, and saw 12 of its levels.

You collected 525 gold pieces.

Inventory:

Hand Weapons
 a - a +1 shortbow
 b - a +0 short sword (weapon)
Missiles
 d - 3 arrows
Armour
 l - a +3 leather armour (worn)
 r - a +0 helmet (worn)
Jewellery
 g - a +3 ring of intelligence (left hand)
 y - an uncursed ring of flight
 M - a ring of fire (right hand)
Wands
 x - a wand of slowing (26/48)
 E - a wand of paralysis (12/24)
 J - a wand of disintegration (14/24)
 K - a wand of flame (17/48)
Scrolls
 c - 8 scrolls of remove curse
 e - 2 scrolls of enchant armour
 h - 5 scrolls of random uselessness {unknown}
 k - 4 scrolls of amnesia {unknown}
 n - 4 scrolls of teleportation {unknown}
 p - 4 scrolls of identify
 q - a scroll of immolation {unknown}
 v - 2 scrolls of magic mapping
 B - a scroll of enchant weapon
 C - a scroll of noise
 D - a scroll of holy word {unknown}
Potions
 j - a potion of haste
 o - a potion of invisibility
 s - a potion of ambrosia {unknown}
 t - 2 potions of might
 w - 2 potions of degeneration {unknown}
 z - 2 potions of flight
 F - a potion of berserk rage
 G - a potion of cure mutation {unknown}
 H - a potion of lignification {unknown}
 L - a potion of curing
Comestibles
 f - 4 bread rations
 i - 3 slices of pizza
 m - 3 fruits
 u - a meat ration
 A - 2 beef jerkies
 I - 2 chunks of flesh


   Skills:
 + Level 10.7(9.9) Fighting
 + Level 14.4(13.6) Bows
 - Level 1.3(0.8) Dodging
 - Level 3.6(3.0) Stealth


You had 9 spell levels left.
You didn't know any spells.

Dungeon Overview and Level Annotations

Branches:
Dungeon (11/15)            Temple (1/1) D:6            Lair (0/6) D:9
    Orc: D:9-12

Altars:
Ashenzari
Cheibriados
Dithmenos
Elyvilon
Fedhas
Gozag
Hepliaklqana
Kikubaaqudgha
Makhleb
Nemelex Xobeh
Okawaru
Pakellas
Qazlal
Ru
Sif Muna
Trog
Uskayaw
Vehumet
Xom
Yredelemnul
Zin
The Shining One


Innate Abilities, Weirdness & Mutations

You have hooves in place of feet.
Armour fits poorly on your strangely shaped body.
You cover ground very quickly.
You have extremely tough skin. (AC +3)
You can translocate small distances at will.
Your spells are a little harder to cast, but a little more powerful.


Message History

Unknown command.
Wield which item (- for none, * to show all)? (? for menu, Esc to quit)
b - a +0 short sword (weapon)
The warg bites you!
You take 14 damage, and have 45/94 hp.
You closely miss the warg. You kick the warg, but do no damage.
The warg is severely wounded.
The warg bites you!
You take 13 damage, and have 32/94 hp.
You closely miss the warg.
The warg is severely wounded.
The warg bites you!
* * * LOW HITPOINT WARNING * * *
The warg bites you!
* * * LOW HITPOINT WARNING * * *
You take 22 damage, and have 10/94 hp.
MASSIVE DAMAGE!!
You feel very mighty all of a sudden. The warg bites you!
You die...
Fedhas appreciates your contribution to the ecosystem.

#.# #.#####)##### #.#
#.###########.....).....#
#.#
#.#.................###[#
#.# #.#.#################
#.#######.#
#...............#
#.#.......#
###.#####...###.##
#.#.####### ....#
#.<...#...### #.#.# #####
#...........# #.#.#
#.....#.h@#.####.#.#
##...###...........#
##.## ####.####.### #.#
#.####.# ##########.#
#......# ...........#
######## .########### .#
##


You could see a warg.

Vanquished Creatures
  The ghost of mistymad the Shooter, an amateur CeHu of Fedhas (D:4)
  Grinder (D:6)
  A wyvern (D:8)
  Eustachio (D:6)
  Grum (D:9)
  An orc warrior (D:8)
  5 ice beasts
  2 sky beasts
  2 phantoms
  3 wolves (D:9)
  3 ogres
  A centaur (D:7)
  A big kobold (D:9)
  10 giant frogs
  A gnoll sergeant (D:6)
  3 scorpions
  4 killer bees (D:9)
  21 wights
  A howler monkey (D:4)
  6 crimson imps
  A quasit (D:9)
  A centaur zombie (D:6)
  A jelly (D:6)
  10 orc wizards
  3 centaur skeletons (D:4)
  5 orc priests
  2 giant frog skeletons
  3 hounds
  5 iguanas
  8 worker ants
  A hound zombie (D:9)
  2 hound skeletons
  Robin (D:2)
  2 adders
  19 gnolls
  5 shadow imps
  An ooze (D:2)
  An adder zombie (D:5)
  4 worms
  4 dart slugs
  4 giant geckos
  24 orcs
  4 ball pythons
  3 giant cockroaches (D:3)
  18 goblins
  8 hobgoblins
  23 jackals
  5 quokkas
  4 bats (D:1)
  2 giant newts
  9 kobolds
  A quokka zombie (D:5)
  27 rats
280 creatures vanquished.

Vanquished Creatures (others)
  A necrophage (D:6)
  62 toadstools
63 creatures vanquished.

Grand Total: 343 creatures vanquished

Notes
Turn   | Place    | Note
--------------------------------------------------------------
     0 | D:1      | mistymad the Centaur Hunter began the quest for the Orb.
     0 | D:1      | Reached XP level 1. HP: 17/17 MP: 1/1
    67 | D:1      | Reached skill level 1 in Stealth
    69 | D:1      | Reached XP level 2. HP: 12/24 MP: 2/2
   685 | D:1      | Reached XP level 3. HP: 30/30 MP: 3/3
   872 | D:2      | Noticed Robin
  1086 | D:2      | Killed Robin
  1451 | D:2      | Reached XP level 4. HP: 36/37 MP: 4/4
  1767 | D:2      | Reached skill level 6 in Bows
  2068 | D:3      | Found a snail-covered altar of Cheibriados.
  2124 | D:3      | Reached XP level 5. HP: 32/44 MP: 5/5
  2516 | D:3      | Reached XP level 6. HP: 45/51 MP: 6/6
  2684 | D:3      | Reached skill level 7 in Bows
  3074 | D:3      | Found a sparkling altar of Nemelex Xobeh.
  3270 | D:4      | Found a shadowy altar of Dithmenos.
  3495 | D:4      | Found a glowing silver altar of Zin.
  3544 | D:4      | Reached XP level 7. HP: 55/59 MP: 7/7
  3705 | D:4      | Found an opulent altar of Gozag.
  3797 | D:4      | Noticed mistymad's ghost (amateur CeHu)
  3826 | D:4      | Killed mistymad's ghost
  3826 | D:4      | Reached skill level 8 in Bows
  3828 | D:4      | Reached skill level 5 in Fighting
  4044 | D:4      | Reached skill level 9 in Bows
  4297 | D:4      | Reached XP level 8. HP: 62/69 MP: 8/8
  4748 | D:5      | Entered Level 5 of the Dungeon
  5501 | D:6      | Reached skill level 10 in Bows
  5517 | D:6      | Noticed Grinder
  5639 | D:6      | Noticed Eustachio
  6208 | D:6      | Reached skill level 11 in Bows
  6789 | D:6      | Reached XP level 9. HP: 75/79 MP: 9/9
  6803 | D:6      | Killed Eustachio
  7618 | D:6      | Found a staircase to the Ecumenical Temple.
  7627 | Temple   | Entered the Ecumenical Temple
  7635 | Temple   | Became a worshipper of Fedhas Madash
  8001 | D:6      | Killed Grinder
  8140 | D:6      | Reached skill level 12 in Bows
  8329 | D:6      | Found a radiant altar of Vehumet.
  8332 | D:6      | Found a hazy altar of Hepliaklqana.
  8333 | D:6      | Found a shattered altar of Ashenzari.
  8335 | D:6      | Found a sacrificial altar of Ru.
  8664 | D:7      | Found a hide-covered altar of Uskayaw.
  8893 | D:7      | Found an oddly glowing altar of Pakellas.
  9218 | D:7      | Gained mutation: You can translocate small distances at will. [mutagenic meat]
  9219 | D:7      | Gained mutation: Your spells are a little harder to cast, but a little more powerful. [mutagenic meat]
  9510 | D:8      | Reached skill level 13 in Bows
  9737 | D:8      | Reached XP level 10. HP: 52/91 MP: 10/10
 10107 | D:8      | Reached * piety under Fedhas
 10321 | D:8      | Found an iron altar of Okawaru.
 10321 | D:8      | Found a stormy altar of Qazlal.
 10638 | D:8      | You fall through a shaft for 3 floors!
 10643 | D:10     | Entered Level 10 of the Dungeon
 10700 | D:9      | Noticed Grum
 10713 | D:9      | Killed Grum
 10713 | D:9      | Reached skill level 10 in Fighting
 11025 | D:9      | Reached ** piety under Fedhas
 11064 | D:9      | Found a staircase to the Lair.
 11305 | D:8      | Reached skill level 14 in Bows
 12512 | D:9      | Slain by a warg

Vault maps used:
D:1:      lightli_arrival_flooded_house
D:2:      minmay_rat_hole, uniq_robin
D:3:      kennysheep_slug_shrine, nemelex_lonely_heart_becter
D:4:      lemuel_round_altar, grunt_gozag_breadcrumbs,
          grunt_dithmenos_smoke_and_mirrors, first_bread
D:6:      grunt_temple_overflow_open, uniq_grinder, uniq_eustachio
D:7:      kennysheep_mini_moat, grunt_pakellas_basics, lemuel_old_faithful
D:8:      amethyst_overflow_temple_binary
D:9:      lair_0_dummy, grunt_decor_arrowhead, kennysheep_nondescript, uniq_grum
D:10:     erik_orc_4, hangedman_ranch, st_stairs_13, minmay_beelzebubs_servants
Temple:   dpeg_chambers_temple

Skill      XL: |  1  2  3  4  5  6  7  8  9 10 |
---------------+-------------------------------+-----
Stealth        | 1 2 3 |  3.6
Bows           | 6 7 9 11 13 14 | 14.4
Fighting       | 3 4 5 7 9 10 | 10.7
Dodging        | |  1.3

Action                   |  1- 3 |  4- 6 |  7- 9 | 10-12 || total
-------------------------+-------+-------+-------+-------++-------
Melee: Short sword       |   140 |   170 |   200 |    41 ||   551
       Kick              |    29 |    43 |    55 |    12 ||   139
 Fire: Shortbow          |     5 |   117 |   457 |   340 ||   919
  Use: Scroll            |       |       |    10 |     1 ||    11
       Potion            |       |       |     4 |     1 ||     5
  Eat: Chunk             |     1 |     6 |    10 |     3 ||    20
       Bread ration      |       |       |     2 |       ||     2
       Meat ration       |       |       |       |     1 ||     1
Armor: Leather armour    |    59 |    82 |   176 |    67 ||   384
Dodge: Dodged            |    69 |    93 |   110 |    72 ||   344
